cohdb
Replays
Latest Replays
All Replays
Popular Replays
Top Player Replays
Match Explorer
How It Works
Community
CoH3 Stats
Reddit
Sign in to upload your games and track your stats! →
Sign in with Steam
Match 40418819
Unlisted
Match 40418819
Overview
Messages
Build Orders
End
Panzergrenadier Squad
Panzergrenadier Squad
250 Light Carrier
Panzergrenadier Squad
250 Light Carrier
Construct Light Support Kompanie
MG34 Team
Selects Panzerjäger Kommand Battlegroup
Selects Mine Fields
Selects Tank Busters
Construct Mechanized Kompanie
Panzerjäger Mechanized Group
Selects Early Warning
254 Reconnaissance Tractor
Early Warning
Construct Panzerarmee Kommand
Selects Butterfly Bomb Drop
Veteran Squad Leaders
Vehicle Survival Package
Armored Reserves
2.5-tonne Medical Truck
Butterfly Bomb Drop
Support Armor Elements
Selects Crew Shock Tactics
18-tonne Recovery Half-track
Butterfly Bomb Drop
Der schöne Bob
Huzi
Hans Vader
abre.smb
JackassYO
lojkin
0
0
Comments
sign in to comment!
No comments posted yet!